 Dungeon Crawl Stone Soup version 0.27-a0-909-g0721f309d1 (webtiles) character file.

Game seed: 13116808875139758489

239 Alarkh the Insei (level 5, -7/43 HPs)
             Began as a Demonspawn Gladiator on Apr 8, 2021.
             Mangled by a gnoll
             ... wielding a +0 halberd
              (16 damage)
             ... on level 4 of the Dungeon.
             The game lasted 00:03:35 (3477 turns).

Alarkh the Insei (Demonspawn Gladiator)             Turns: 3477, Time: 00:03:35

Health: -7/43      AC:  5    Str: 14    XL:     5   Next: 79%
Magic:  4/4        EV: 13    Int: 10    God:
Gold:   150        SH:  0    Dex: 17    Spells: 4/4 levels left

rFire    + . .     SeeInvis .     - Unarmed
rCold    . . .     Faith    .   (no shield)
rNeg     . . .     Spirit   .   a - +0 leather armour
rPois    .         Reflect  .   b - +0 helmet
rElec    .         Harm     .   (no cloak)
rCorr    .         Rampage  .   (no gloves)
Will     .....                  (no boots)
Stlth    +.........             (no amulet)
HPRegen  0.14/turn              (no ring)
MPRegen  0.09/turn              (no ring)

@: no status effects
A: rugged brown scales 1, powered by death 1, agile 1, fire resistance 1, low mp
1, sturdy frame 1
a: no special abilities


You were on level 4 of the Dungeon.
You visited 1 branch of the dungeon, and saw 4 of its levels.

You collected 150 gold pieces.

Inventory:

Missiles
 c - a throwing net (quivered)
Armour
 a - a +0 leather armour (worn)
 b - a +0 helmet (worn)
Jewellery
 i - an amulet of guardian spirit
Scrolls
 d - a scroll of torment {unknown}
 e - a scroll of noise {unknown}
 f - a scroll of fear {unknown}
 g - a scroll of vulnerability {unknown}
 j - a scroll of silence {unknown}
 k - a scroll of enchant armour {unknown}


   Skills:
 + Level 3.8 Fighting
 - Level 1.7 Throwing
 - Level 2.6 Dodging
 * Level 5.1 Unarmed Combat


You had 4 spell levels left.
You didn't know any spells.
Your spell library contained the following spells:

 Spells                   Type           Power      Damage    Failure   Level
 Corona                   Hex            0%         N/A       36%         1
 Ensorcelled Hibernation  Hex/Ice        0%         N/A       52%         2
 Confusing Touch          Hex            0%         N/A       75%         3
 Dazzling Flash           Conj/Hex       0%         N/A       75%         3
 Tukima's Dance           Hex            0%         N/A       75%         3


Dungeon Overview and Level Annotations

Branches:
Dungeon (4/15)
 Temple: D:4-7

Altars:
Zin


Innate Abilities, Weirdness & Mutations

You are partially covered in rugged brown scales. (AC +1, +3% HP)
You regenerate a little health from kills.
You are agile. (Dex +2)
Your flesh is heat resistant. (rF+)
Your magical capacity is low. (-10% MP)
Your movements are slightly less encumbered by armour. (ER -2)


Message History

The gnoll throws a throwing net.
The throwing net barely misses you.
You see here 2 throwing nets.
c - 4 throwing nets (gained 2) Throw: 4 throwing nets
Press: ? - help, Q - select action Shift-Dir - straight line, f - gnoll
Aim: a gnoll, wielding a +0 halberd (64% to hit)
You throw a throwing net.
The throwing net closely misses the gnoll.
The gnoll closely misses you.
Throw: 3 throwing nets
Press: ? - help, Q - select action Shift-Dir - straight line, f/p - gnoll
Aim: a gnoll, wielding a +0 halberd (64% to hit)
You throw a throwing net.
The throwing net completely misses the gnoll.
The gnoll hits you from afar with a +0 halberd!
* * * LOW HITPOINT WARNING * * *
Throw: 2 throwing nets
Press: ? - help, Q - select action Shift-Dir - straight line, f/p - gnoll
Aim: a gnoll, wielding a +0 halberd (64% to hit)
You throw a throwing net. The throwing net hits the gnoll.
The gnoll is caught in the net!
The gnoll struggles against the net.
The gnoll struggles against the net.
You hit the gnoll.
The gnoll is moderately wounded.
You hit the gnoll but do no damage.
The gnoll is moderately wounded.
The gnoll struggles against the net.
You punch the gnoll!
The gnoll is almost dead.
The gnoll struggles against the net.
You catch the helpless gnoll completely off-guard!
You hit the gnoll but do no damage.
The gnoll is almost dead.
The gnoll struggles against the net.
The net rips apart, and the gnoll comes free!
You closely miss the gnoll.
The gnoll is almost dead.
The gnoll hits you with a +0 halberd!
You die...

#.#...# #.....#
####(## #.# #.# #.#
#.# #g# ###@##
#....# #....######
#..........
#....######
#..........
#....######
###.#......
##########....######


You could see a gnoll.

Vanquished Creatures
  An ogre (D:4)
  A hound skeleton (D:4)
  A gnoll (D:4)
  5 adders
  4 dart slugs
  8 ball pythons
  12 endoplasms
  A giant cockroach (D:2)
  10 hobgoblins
  5 jackals
  2 quokkas
  5 bats
  6 frilled lizards
  3 goblins
  10 kobolds
  6 rats
80 creatures vanquished.

Vanquished Creatures (others)
  3 plants (D:1)
3 creatures vanquished.

Grand Total: 83 creatures vanquished

Notes
Turn   | Place    | Note
-------+----------+-------------------------------------------
     0 | D:1      | Alarkh the Demonspawn Gladiator began the quest for the
                  | Orb.
     0 | D:1      | Reached XP level 1. HP: 16/16 MP: 1/1
    56 | D:1      | Reached skill level 3 in Unarmed Combat
   251 | D:1      | Gained mutation: You regenerate a little health from kills.
                  | [demonic ancestry]
   251 | D:1      | Reached XP level 2. HP: 6/22 MP: 2/2
   582 | D:1      | Reached XP level 3. HP: 23/28 MP: 3/3
   679 | D:1      | Found a faded altar of an unknown god.
  1632 | D:2      | Reached skill level 4 in Unarmed Combat
  1658 | D:2      | Gained mutation: Your flesh is heat resistant. (rF+)
                  | [potion of mutation]
  1658 | D:2      | Gained mutation: Your magical capacity is low. (-10% MP)
                  | [potion of mutation]
  1658 | D:2      | Gained mutation: You are agile. (Dex +2) [potion of
                  | mutation]
  1658 | D:2      | Gained mutation: Your movements are slightly less
                  | encumbered by armour. (ER -2) [potion of mutation]
  2032 | D:2      | Gained mutation: You are partially covered in rugged brown
                  | scales. (AC +1, +3% HP) [demonic ancestry]
  2032 | D:2      | Reached XP level 4. HP: 27/35 MP: 3/3
  3057 | D:4      | Noticed an ogre
  3121 | D:4      | Noticed an ogre
  3398 | D:4      | Killed an ogre
  3399 | D:4      | Reached skill level 5 in Unarmed Combat
  3399 | D:4      | Reached XP level 5. HP: 18/43 MP: 4/4
  3477 | D:4      | Mangled by a gnoll

Illustrated notes

Levels and vault maps discovered:
D:1:      tarquinn_simple_flora_water_d, layout_loops_cross,
          shapermc_ecumenical_altar_mp_ritualfount, minivault_27,
          serial_bayou_pond_a
D:2:      layout_basic, basic_altar
D:3:      layout_loops_cross
D:4:      layout_basic, general_overflow_altar, minmay_temple_entry_offerings,
          uniq_robin

Skill      XL: |  1  2  3  4 |
---------------+-------------+-----
Unarmed Combat | 3 4 5 |  5.1
Fighting       | 3 |  3.8
Throwing       | |  1.7
Dodging        | |  2.6

Action                   |  1- 3 |  4- 6 || total
-------------------------+-------+-------++-------
Melee: Unarmed           |   228 |   144 ||   372
       Punch             |     3 |     5 ||     8
Throw: Throwing net      |       |     4 ||     4
  Use: Potion            |     3 |       ||     3
 Stab: Sleeping          |       |     2 ||     2
       Held in net/web   |       |     2 ||     2
Armor: Leather armour    |    75 |    35 ||   110
Dodge: Dodged            |   152 |    79 ||   231

Table legend: (Time is in decaauts)
 A = Elapsed time spent in this place.
 B = Non-inter-level travel time spent in this place.
 C = Inter-level travel time spent in this place.
 D = Time resting spent in this place.
 E = Time spent auto-exploring this place.
 F = Levels seen in this place.
 G = Mean time per level.
                   A        B        C        D        E       F      G
               +--------+--------+--------+--------+--------+-----+--------+
         Total |   3452 |   3250 |    202 |    407 |   2176 |   4 |  863.0 |
       Dungeon |   3452 |   3250 |    202 |    407 |   2176 |   4 |  863.0 |
               +--------+--------+--------+--------+--------+-----+--------+

Top non-repeatable levels by time:
     D:2: 1372 daAuts
     D:1: 1005 daAuts
     D:3: 908 daAuts
     D:4: 166 daAuts
